 Dungeon Crawl Stone Soup version 0.17.0-28-g6e173f8 (webtiles) character file.

67 coffecat the Grave Robber (level 4, -1/30 HPs)
             Began as a Vampire Necromancer on Nov 27, 2015.
             Killed by nerve-wracking pain
             ... invoked by an orc priest
              (2 damage)
             ... on level 3 of the Dungeon.
             The game lasted 00:05:27 (1061 turns).

coffecat the Grave Robber (Vampire Necromancer)     Turns: 1061, Time: 00:05:27

Health: -1/30      AC:  2    Str:  7    XL:     4   Next: 0%
Magic:  1/8        EV: 13    Int: 18    God:
Gold:   60         SH:  0    Dex: 14    Spells: 1 memorised, 7 levels left

rFire  . . .     SeeInvis +     (no weapon)
rCold  + . .     Clarity  .     a - +0 robe
rNeg   + + .     SustAt   .     (no shield)
rPois  +         Gourm    .     (no helmet)
rElec  .         Spirit   .     (no cloak)
rCorr  .         Warding  .     (no gloves)
rMut   .         Stasis   .     (no boots)
MR     .....                    (no amulet)
Stlth  +++.......               (no ring)
                                (no ring)

@: regenerating slowly, not resistant to hostile enchantments, fairly stealthy
A: fangs 3, see invisible, unbreathing
a: Bat Form


You were on level 3 of the Dungeon.
You were thirsty.

You visited 1 branch of the dungeon, and saw 3 of its levels.

You collected 60 gold pieces.

Inventory:

Armour
 a - a +0 robe (worn)
Scrolls
 e - a scroll of identify {unknown}
 f - a scroll of recharging {unknown}
Potions
 c - 2 potions of blood
 d - a potion of might {unknown}
Books
 b - a book of Necromancy

   Spells                             Type                      Level
   a - Pain                           Necromancy                   1
   b - Animate Skeleton               Necromancy                   1
   c - Vampiric Draining              Necromancy                   3
   d - Regeneration                   Charms/Necromancy            3
   e - Animate Dead                   Necromancy                   4
   f - Control Undead                 Necromancy                   4


   Skills:
 + Level 0.1 Fighting
 + Level 2.4 Dodging
 + Level 3.4 Stealth
 + Level 2.8 Spellcasting
 + Level 5.2 Necromancy


You had 7 spell levels left.
You knew the following spells:

 Your Spells              Type           Power        Failure   Level  Hunger
a - Pain                  Necr           ###.         1%          1    None


Dungeon Overview and Level Annotations

Branches:
Dungeon (3/15)

Altars:


Innate Abilities, Weirdness & Mutations

You heal slowly.
You have razor-sharp teeth.
You have supernaturally acute eyesight.
You can survive without breathing.


Message History

The orc priest miscasts a cantrip.
Casting: Pain
Confirm with . or Enter, or press ? or * to list all spells.
Aiming: Pain
Press: ? - help, Shift-Dir - straight line, f/p - orc priest
Aim: an orc priest, wielding a club and wearing a dyed leather armour (almost dead, chance to defeat MR: 80%)
The orc priest barely resists.
The orc priest hits you with a club.
* * * LOW HITPOINT WARNING * * *
Casting: Pain
Confirm with . or Enter, or press ? or * to list all spells.
Aiming: Pain
Press: ? - help, Shift-Dir - straight line, f/p - orc priest
Aim: an orc priest, wielding a club and wearing a dyed leather armour (almost dead, chance to defeat MR: 80%)
The orc priest barely resists.
The orc priest barely misses you. The orc priest hits you with a club.
* * * LOW HITPOINT WARNING * * *
You see here a stone.
The orc priest mumbles some strange prayers to Beogh against you.
Pain shoots through your body!
You die...

..)...K)...........()..(#
.#.#.#...^.......(.....##
...........?........?..#
.#.#.###.....#........##
.#.#.......###..#....##
........##...(...o#.##
.).....o......###...#
.#.%........#####.#####
................@.....#
.#...........###.....##
.#?..............#####
.###....###.......
##..............##
.........##....#
.......r.##....# .....


You could see an orc priest.

Vanquished Creatures
  An orc wizard (D:3)
  2 adders (D:2)
  A worm (D:2)
  An orc (D:3)
  4 bats
  A giant cockroach (D:1)
  3 hobgoblins
  A jackal (D:3)
  4 giant newts
  2 goblins (D:1)
  4 kobolds
  A rat (D:3)
25 creatures vanquished.

Notes
Turn   | Place    | Note
--------------------------------------------------------------
     0 | D:1      | coffecat the Vampire Necromancer began the quest for the Orb.
     0 | D:1      | Reached XP level 1. HP: 13/13 MP: 3/3
   297 | D:1      | Reached XP level 2. HP: 14/19 MP: 1/5
   477 | D:2      | Reached skill level 5 in Necromancy
   509 | D:2      | Reached XP level 3. HP: 20/24 MP: 1/6
   990 | D:3      | Reached XP level 4. HP: 22/30 MP: 0/8
  1052 | D:3      | HP: 1/30 [orc priest/club (4)]
  1061 | D:3      | Killed from afar by an orc priest

Action                   |  1- 3 |  4- 6 || total
-------------------------+-------+-------++-------
Melee: Unarmed           |       |     1 ||     1
 Cast: Pain              |    46 |     8 ||    54
